Map: Prion Terraces

Players

viOLet

  • Race: Zerg Zerg

Snute - Winner!

  • Race: Zerg Zerg

Event: 2016 WCS Winter Circuit Championship

VOD

Have the link to the VOD?

Description

Time

  • Played on: March 4, 2016, 1:41 p.m.
  • Length: 8:43

All games in this series

Show
View Real Time Build Order
Export as new Build Order

viOLet Zerg 

Build Orders: Hatch First 

Get SALT Encoding   

  12  0:00  Drone  
  13  0:12  Overlord  
  13  0:17  Drone  
  14  0:30  Drone x2  
  14  0:34  Drone  
  17  0:52  Hatchery  
  17  0:53  Drone  
  17  0:57  Drone  
  18  1:08  Extractor  
  17  1:12  Spawning Pool  
  17  1:15  Drone  
  17  1:17  Drone  
  18  1:28  Drone  
  19  1:38  Overlord  
  19  1:58  Queen  
  19  2:00  Zergling x2  
  22  2:03  Queen  
  22  2:04  Zergling x2  
  22  2:08  Metabolic Boost, Drone  
  26  2:11  Drone  
  27  2:17  Spine Crawler  
  27  2:22  Drone  
  29  2:30  Drone  
  29  2:34  Baneling Nest, Drone  
  29  2:37  Overlord  
  29  2:38  Drone  
  30  2:57  Hatchery, Drone  
  29  3:09  Zergling x12  
  35  3:14  Zergling x4  
  37  3:20  Zergling x2  
  37  3:21  Zergling x2  
  37  3:24  Overlord  
  38  3:35  Drone x3  
  38  3:38  Roach Warren  
  40  3:44  Baneling  
  40  3:45  Drone  
  40  3:46  Baneling  
  40  3:47  Drone  
  42  3:48  Drone  
  42  3:49  Drone  
  42  3:52  Drone x2  
  45  3:58  Overlord  
  40  4:05  Zergling x2  
  40  4:09  Zergling x4  
  45  4:10  Zergling x2  
  45  4:15  Zergling x4  
  48  4:19  Roach x2  
  48  4:22  Roach  
  50  4:25  Baneling x2  
  50  4:27  Roach x2  
  50  4:28  Baneling x2  
  50  4:30  Extractor  
  51  4:33  Roach  
  51  4:34  Zergling x2, Roach  
  55  4:43  Roach  
  53  4:47  Drone  
  53  4:48  Drone x3  
  56  4:56  Drone  
  57  5:03  Baneling  
  57  5:04  Drone x2  
  57  5:05  Overlord  
  59  5:07  Zergling x2  
  59  5:09  Hatchery  
  59  5:18  Overlord  
  59  5:19  Overlord  
  58  5:21  Drone  
  58  5:24  Drone  
  58  5:27  Drone  
  60  5:30  Drone x2  
  60  5:34  Extractor  
  61  5:37  Ravager x2  
  61  5:38  Ravager  
  61  5:42  Queen  
  66  5:45  Zergling x6  
  69  5:50  Ravager  
  69  5:51  Zergling x2  
  69  5:52  Zergling x4  
  73  5:57  Overlord x2  
  73  5:59  Roach  
  75  6:06  Overlord  
  75  6:11  Overlord  
  75  6:21  Roach x5  
  89  6:25  Roach x2  
  89  6:27  Overlord  
  89  6:30  Roach x2  
  89  6:31  Overlord  
  89  6:32  Zergling x2  
  94  6:38  Roach x2  
  98  6:40  Ravager  
  100  6:47  Zergling x10  
  100  6:50  Ravager  
  105  6:54  Zergling x6  
  105  6:57  Zergling x2  
  105  6:58  Zergling x2  
  105  6:59  Zergling x4  
  112  7:04  Evolution Chamber, Zergling x4  
  113  7:13  Zergling x2  
  112  7:17  Zergling x2  
  112  7:19  Zergling x2  
  112  7:21  Zergling x2  
  99  7:23  Roach  
  99  7:26  Roach x4  
  99  7:27  Roach  
  99  7:28  Roach x4  
  103  7:35  Roach x3  
  98  7:44  Zergling x4  
  98  7:50  Roach  
  93  7:58  Roach x2  
  87  7:59  Roach  
Show
View Real Time Build Order
Export as new Build Order

Snute Zerg - Winner!

Build Orders: Hatch First 

Get SALT Encoding   

  12  0:00  Drone  
  13  0:12  Overlord  
  13  0:17  Drone  
  14  0:30  Drone x2  
  14  0:34  Drone  
  17  0:52  Hatchery  
  17  0:54  Drone  
  17  0:56  Extractor  
  16  1:09  Spawning Pool  
  15  1:13  Drone  
  15  1:16  Drone  
  17  1:20  Drone  
  18  1:36  Drone  
  18  1:39  Drone  
  20  1:49  Overlord  
  20  1:56  Queen  
  22  2:02  Metabolic Boost  
  22  2:09  Queen  
  22  2:13  Zergling x2  
  22  2:15  Drone  
  26  2:17  Drone  
  27  2:25  Baneling Nest  
  27  2:27  Drone  
  27  2:28  Drone  
  28  2:32  Drone  
  28  2:34  Drone  
  30  2:38  Drone  
  30  2:43  Zergling x2  
  32  2:48  Overlord  
  32  2:49  Queen  
  34  2:56  Zergling x2  
  35  2:59  Zergling x2  
  35  3:05  Overlord  
  36  3:11  Zergling x8  
  40  3:18  Hatchery  
  39  3:20  Drone x2  
  39  3:23  Extractor  
  39  3:24  Baneling x2  
  39  3:25  Drone  
  39  3:26  Drone  
  42  3:31  Baneling x2  
  42  3:36  Baneling  
  42  3:39  Zergling x8  
  46  3:49  Zergling x4  
  46  3:50  Zergling x4  
  46  3:53  Zergling x4  
  46  3:54  Zergling x2  
  51  4:00  Zergling x2  
  52  4:04  Hatchery  
  52  4:05  Zergling x2  
  52  4:11  Roach Warren  
  52  4:14  Overlord  
  52  4:15  Overlord  
  51  4:22  Drone x3  
  50  4:25  Drone  
  46  4:51  Roach  
  46  4:52  Roach x3  
  48  4:56  Roach x2  
  52  5:03  Roach x3  
  52  5:07  Roach x2  
  62  5:12  Ravager x2  
  64  5:15  Zergling x2  
  64  5:19  Roach  
  64  5:20  Roach  
  69  5:27  Drone, Overlord  
  69  5:29  Drone  
  69  5:30  Drone x3  
  72  5:39  Drone  
  72  5:40  Overlord  
  72  5:41  Overlord x2  
  75  5:50  Ravager x2  
  75  5:51  Drone x4  
  75  5:52  Drone x2  
  75  5:55  Extractor  
  75  5:56  Extractor  
  79  6:00  Roach x3  
  85  6:05  Overlord  
  85  6:10  Roach x2  
  88  6:14  Roach  
  88  6:16  Overlord  
  88  6:17  Overlord  
  90  6:19  Overlord  
  90  6:21  Roach  
  90  6:22  Roach  
  90  6:23  Overlord  
  94  6:26  Roach  
  94  6:27  Overlord  
  94  6:32  Roach x2  
  100  6:36  Roach x2  
  100  6:39  Roach  
  106  6:40  Zergling x6  
  106  6:46  Zergling x2  
  110  6:47  Ravager  
  110  6:49  Zergling x8  
  110  6:52  Zergling x2  
  110  6:54  Evolution Chamber  
  115  6:58  Ravager  
  115  6:59  Zergling x10  
  115  7:00  Zergling x2  
  122  7:05  Ravager  
  122  7:06  Ravager  
  122  7:08  Zergling x6  
  127  7:18  Zergling x12  
  116  7:25  Zergling x8  
  116  7:28  Ravager x3  
  111  7:30  Zergling x2  
  111  7:31  Zergling x6  
  111  7:37  Zergling x2  
  111  7:42  Ravager  
  111  7:43  Ravager x2  
  113  7:44  Zergling x12  
  111  7:53  Zergling x12  
  108  8:05  Zergling x6  
Tags
 
Add a new tag
Caveats
  • Supply blocks, unpowered buildings, or Contaminate may cause inaccurate times.
  • Supply counts are checked every 10 seconds.